MLB
CINCINNATI REDS @ BOSTON RED SOX
08/19/2020
 
TOP OF THE 1ST
Cincinnati Reds batting - Pitching for Boston Red Sox : LHP Marco Gonzales
Pitching: LHP Marco Gonzales
Batting: RHB Trea Turner 0-0: Ball
1-0: Called Strike
1-1: Ball
2-1: Ball
3-1: Foul Ball, location: 2F
3-2: Base on Balls
Batting: RHB Tomas Nido 0-0: Called Strike
0-1: Ball
1-1: Swinging Strike
1-2: Ball
2-2: Fly out, F2 (Popup, 23F, EV 86.3 MPH)
Batting: RHB Gio Urshela 0-0: Ball
1-0: Called Strike
Trea Turner steals 2nd base
1-1: SINGLE (Flyball, 34D, EV 92.5 MPH)
Trea Turner to third
Batting: LHB Joey Gallo 0-0: Swinging Strike
0-1: Swinging Strike
0-2: Ball
1-2: Ball
2-2: Ball
3-2: 3-RUN HOME RUN (Flyball, 9D, EV 106.9 MPH), Distance : 424 ft
Batting: RHB Nelson Cruz 0-0: Swinging Strike
0-1: Ball
1-1: Fly out, F8 (Flyball, 8LD, EV 103.1 MPH)
Batting: LHB Gregory Polanco 0-0: Ball
1-0: Ball
2-0: Swinging Strike
2-1: Foul Ball, location: 2F
2-2: Ground out 6-3 (Groundball, 6M, EV 84.4 MPH)
Top of the 1st over - 3 runs, 2 hits, 0 errors, 0 left on base; Cincinnati 3 - Boston 0
BOTTOM OF THE 1ST
Boston Red Sox batting - Pitching for Cincinnati Reds : LHP Drew Smyly
Pitching: LHP Drew Smyly
Batting: RHB Ian Desmond 0-0: Ball
1-0: Called Strike
1-1: Ground out 6-3 (Groundball, 6, EV 88.1 MPH)
Batting: RHB Mike Trout 0-0: Called Strike
0-1: Ball
1-1: Swinging Strike
1-2: Strikes out swinging
Batting: RHB Xander Bogaerts 0-0: Called Strike
0-1: Ball
1-1: Foul Ball, location: 2F
1-2: Foul Ball, location: 2F
1-2: Ball
2-2: DOUBLE (Line Drive, 9LS, EV 96.9 MPH)
Batting: LHB Zach McKinstry 0-0: Ball
1-0: Ball
2-0: Ball
3-0: Called Strike
3-1: Base on Balls
Batting: RHB Wilson Ramos 0-0: Fly out, F8 (Flyball, 78D, EV 86.3 MPH)
Bottom of the 1st over - 0 runs, 1 hit, 0 errors, 2 left on base; Cincinnati 3 - Boston 0
TOP OF THE 2ND
Cincinnati Reds batting - Pitching for Boston Red Sox : LHP Marco Gonzales
Batting: SHB Adalberto Mondesi 0-0: Fly out, F8 (Flyball, 8LD, EV 85.0 MPH)
Batting: RHB Kevin Newman 0-0: Swinging Strike
0-1: Swinging Strike
0-2: Ground out U3 (Groundball, 3, EV 98.1 MPH)
Batting: LHB Robinson Cano 0-0: Fly out, F8 (Line Drive, 8LD, EV 88.8 MPH)
Top of the 2nd over - 0 runs, 0 hits, 0 errors, 0 left on base; Cincinnati 3 - Boston 0
BOTTOM OF THE 2ND
Boston Red Sox batting - Pitching for Cincinnati Reds : LHP Drew Smyly
Batting: RHB Juan Lagares 0-0: Ball
1-0: Foul Ball, location: 2F
1-1: Foul Ball, location: 2F
1-2: Fly out, F7 (Line Drive, 7, EV 94.4 MPH)
Batting: RHB Jedd Gyorko 0-0: Ball
1-0: Ball
2-0: Ball
3-0: Called Strike
3-1: Called Strike
3-2: Reached via error on a dropped throw from SS, E3 (Groundball, 6, EV 103.1 MPH)
Batting: SHB Kaleb Cowart 0-0: SINGLE (Line Drive, 3D, EV 97.5 MPH)
Jedd Gyorko to second
Batting: LHB Joe Panik 0-0: Called Strike
0-1: Foul Ball, location: 2F
0-2: Grounds into double play, 5-4-3 (Groundball, 56, EV 100.6 MPH)
Bottom of the 2nd over - 0 runs, 1 hit, 1 error, 1 left on base; Cincinnati 3 - Boston 0
TOP OF THE 3RD
Cincinnati Reds batting - Pitching for Boston Red Sox : LHP Marco Gonzales
Batting: RHB Trea Turner 0-0: Ball
1-0: Called Strike
1-1: Foul Ball, location: 2F
1-2: Ball
2-2: Foul Ball, location: 2F
2-2: Ground out 6-3 (Groundball, 6, EV 83.1 MPH)
Batting: RHB Tomas Nido 0-0: Ball
1-0: Fly out, F7 (Flyball, 78D, EV 87.5 MPH)
Batting: RHB Gio Urshela 0-0: Called Strike
0-1: Foul Ball, location: 2F
0-2: Foul Ball, location: 2F
0-2: SINGLE (Groundball, 56D, EV 108.1 MPH)
Batting: LHB Joey Gallo 0-0: Ball
1-0: Ball
2-0: Called Strike
2-1: Foul Ball, location: 2F
2-2: Foul Ball, location: 2F
2-2: DOUBLE (Line Drive, 89D, EV 110.0 MPH)
Gio Urshela to third
Batting: RHB Nelson Cruz 0-0: Called Strike
0-1: Ball
1-1: SINGLE (Groundball, 34D, EV 102.5 MPH)
Gio Urshela scores
Joey Gallo to third
Batting: LHB Gregory Polanco 0-0: Foul Ball, location: 2F
0-1: Foul Ball, location: 2F
0-2: Ball
1-2: Ground out 4-3 (Groundball, 34, EV 103.1 MPH)
Top of the 3rd over - 1 run, 3 hits, 0 errors, 2 left on base; Cincinnati 4 - Boston 0
BOTTOM OF THE 3RD
Boston Red Sox batting - Pitching for Cincinnati Reds : LHP Drew Smyly
Batting: RHB Ian Desmond 0-0: Ball
1-0: Fly out, F7 (Flyball, 7LS, EV 88.1 MPH)
Batting: RHB Mike Trout 0-0: Ball
1-0: Ball
2-0: Called Strike
2-1: Called Strike
2-2: Foul Ball, location: 2F
2-2: Foul Ball, location: 2F
2-2: Strikes out looking
Batting: RHB Xander Bogaerts 0-0: Ball
1-0: SINGLE (Groundball, 6D, EV 96.9 MPH)
Batting: LHB Zach McKinstry 0-0: DOUBLE (Line Drive, 89D, EV 106.3 MPH)
Xander Bogaerts to third
Batting: RHB Wilson Ramos 0-0: Swinging Strike
0-1: Ball
1-1: Ball
2-1: Ball
3-1: Fly out, F6 (Flyball, 56D, EV 91.9 MPH)
Bottom of the 3rd over - 0 runs, 2 hits, 0 errors, 2 left on base; Cincinnati 4 - Boston 0
TOP OF THE 4TH
Cincinnati Reds batting - Pitching for Boston Red Sox : LHP Marco Gonzales
Batting: SHB Adalberto Mondesi 0-0: Ball
1-0: Ball
2-0: Called Strike
2-1: Ball
3-1: Called Strike
3-2: Foul Ball, location: 2F
3-2: Strikes out swinging
Batting: RHB Kevin Newman 0-0: Ball
1-0: Called Strike
1-1: Foul Ball, location: 2F
1-2: Fly out, F3 (Popup, 34, EV 79.4 MPH)
Batting: LHB Robinson Cano 0-0: Swinging Strike
0-1: Ball
1-1: Fly out, F8 (Line Drive, 8LD, EV 96.9 MPH)
Top of the 4th over - 0 runs, 0 hits, 0 errors, 0 left on base; Cincinnati 4 - Boston 0
BOTTOM OF THE 4TH
Boston Red Sox batting - Pitching for Cincinnati Reds : LHP Drew Smyly
Batting: RHB Juan Lagares 0-0: Ball
1-0: Fly out, F8 (Line Drive, 8RD, EV 90.0 MPH)
Batting: RHB Jedd Gyorko 0-0: Fly out, F7 (Flyball, 7LM, EV 96.3 MPH)
Batting: SHB Kaleb Cowart 0-0: Ball
1-0: Ball
2-0: TRIPLE (Flyball, 89XD, EV 103.1 MPH)
Batting: LHB Joe Panik 0-0: Called Strike
0-1: Ball
1-1: Ball
2-1: Called Strike
2-2: Foul Ball, location: 2F
2-2: Foul Ball, location: 2F
2-2: Strikes out swinging
Bottom of the 4th over - 0 runs, 1 hit, 0 errors, 1 left on base; Cincinnati 4 - Boston 0
TOP OF THE 5TH
Cincinnati Reds batting - Pitching for Boston Red Sox : LHP Marco Gonzales
Batting: RHB Trea Turner 0-0: Called Strike
0-1: Fly out, F8 (Flyball, 8LXD, EV 90.6 MPH)
Batting: RHB Tomas Nido 0-0: Ball
1-0: Foul Ball, location: 2F
1-1: Ball
2-1: Ball
3-1: Ground out 3-1 (Groundball, 34S, EV 80.6 MPH)
Batting: RHB Gio Urshela 0-0: Called Strike
0-1: Ball
1-1: Ball
2-1: Foul Ball, location: 2F
2-2: Ball
3-2: Fly out, F7 (Flyball, 7LM, EV 96.3 MPH)
Top of the 5th over - 0 runs, 0 hits, 0 errors, 0 left on base; Cincinnati 4 - Boston 0
BOTTOM OF THE 5TH
Boston Red Sox batting - Pitching for Cincinnati Reds : LHP Drew Smyly
Batting: RHB Ian Desmond 0-0: Called Strike
0-1: Ball
1-1: Swinging Strike
1-2: Foul Ball, location: 2F
1-2: Ball
2-2: Strikes out swinging
Batting: RHB Mike Trout 0-0: Foul Ball, location: 2F
0-1: Called Strike
0-2: Strikes out swinging
Batting: RHB Xander Bogaerts 0-0: Ball
1-0: Ground out 6-3 (Groundball, 6, EV 89.4 MPH)
Bottom of the 5th over - 0 runs, 0 hits, 0 errors, 0 left on base; Cincinnati 4 - Boston 0
TOP OF THE 6TH
Cincinnati Reds batting - Pitching for Boston Red Sox : LHP Marco Gonzales
Pitching: RHP Craig Kimbrel
Batting: LHB Joey Gallo 0-0: Ball
1-0: Foul Ball, location: 2F
1-1: Swinging Strike
1-2: Ball
2-2: Strikes out swinging, 2-3 out at first.
Batting: RHB Nelson Cruz 0-0: Foul Ball, location: 2F
0-1: Ball
1-1: Swinging Strike
1-2: Ball
2-2: Strikes out swinging
Batting: LHB Gregory Polanco 0-0: Called Strike
0-1: Ball
1-1: Ball
2-1: Swinging Strike
2-2: Strikes out swinging
Top of the 6th over - 0 runs, 0 hits, 0 errors, 0 left on base; Cincinnati 4 - Boston 0
BOTTOM OF THE 6TH
Boston Red Sox batting - Pitching for Cincinnati Reds : LHP Drew Smyly
Batting: LHB Zach McKinstry 0-0: Swinging Strike
0-1: Fly out, F7 (Line Drive, 7, EV 88.1 MPH)
Batting: RHB Wilson Ramos 0-0: Called Strike
0-1: Ball
1-1: Ball
2-1: Foul Ball, location: 2F
2-2: Ball
3-2: SOLO HOME RUN (Flyball, 7D, EV 111.9 MPH), Distance : 412 ft
Batting: RHB Juan Lagares 0-0: Ball
1-0: Ground out 5-3 (Groundball, 56S, EV 60.6 MPH)
Batting: RHB Jedd Gyorko 0-0: Called Strike
0-1: SOLO HOME RUN (Flyball, 7LD, EV 99.4 MPH), Distance : 353 ft
Batting: SHB Kaleb Cowart 0-0: Called Strike
0-1: Fly out, F8 (Flyball, 78D, EV 90.0 MPH)
Bottom of the 6th over - 2 runs, 2 hits, 0 errors, 0 left on base; Cincinnati 4 - Boston 2
TOP OF THE 7TH
Cincinnati Reds batting - Pitching for Boston Red Sox : RHP Craig Kimbrel
Pitching: RHP Will Carter
Batting: SHB Adalberto Mondesi 0-0: Ball
1-0: Ground out U3 (Groundball, 3S, EV 70.6 MPH)
Batting: RHB Kevin Newman 0-0: Ground out U3 (Groundball, 3, EV 86.9 MPH)
Batting: LHB Robinson Cano 0-0: Ball
1-0: Ball
2-0: Called Strike
2-1: Foul Ball, location: 2F
2-2: Foul Ball, location: 2F
2-2: Strikes out looking
Top of the 7th over - 0 runs, 0 hits, 0 errors, 0 left on base; Cincinnati 4 - Boston 2
BOTTOM OF THE 7TH
Boston Red Sox batting - Pitching for Cincinnati Reds : LHP Drew Smyly
Pitching: LHP Patrick Dayton
Batting: LHB Joe Panik 0-0: Ground out U3 (Groundball, 34, EV 103.1 MPH)
Batting: RHB Ian Desmond 0-0: Foul Ball, location: 2F
0-1: Ball
1-1: Foul Ball, location: 2F
1-2: Fly out, F9 (Flyball, 9LS, EV 89.4 MPH)
Batting: RHB Mike Trout 0-0: Swinging Strike
0-1: Ball
1-1: Swinging Strike
1-2: Ball
2-2: Strikes out swinging
Bottom of the 7th over - 0 runs, 0 hits, 0 errors, 0 left on base; Cincinnati 4 - Boston 2
TOP OF THE 8TH
Cincinnati Reds batting - Pitching for Boston Red Sox : RHP Will Carter
Pitching: RHP Connor Sadzeck
Batting: RHB Trea Turner 0-0: Foul Ball, location: 2F
0-1: Called Strike
0-2: Ball
1-2: Strikes out swinging
Batting: RHB Tomas Nido 0-0: Ground out 5-3 (Groundball, 56, EV 103.1 MPH)
Batting: RHB Gio Urshela 0-0: Fly out, F3 (Flyball, 3D, EV 81.9 MPH)
Top of the 8th over - 0 runs, 0 hits, 0 errors, 0 left on base; Cincinnati 4 - Boston 2
BOTTOM OF THE 8TH
Boston Red Sox batting - Pitching for Cincinnati Reds : LHP Patrick Dayton
Batting: RHB Xander Bogaerts 0-0: Ball
1-0: Called Strike
1-1: Foul Ball, location: 2F
1-2: Foul Ball, location: 2F
1-2: Ball
2-2: Ball
3-2: Foul Ball, location: 2F
3-2: Fly out, F2 (Popup, 15S, EV 80.6 MPH)
Batting: LHB Zach McKinstry 0-0: Swinging Strike
0-1: Swinging Strike
0-2: Fly out, F9 (Flyball, 9LD, EV 93.1 MPH)
Batting: RHB Wilson Ramos 0-0: Called Strike
0-1: Foul Ball, location: 2F
0-2: Ground out 6-3 (Groundball, 56, EV 85.0 MPH)
Bottom of the 8th over - 0 runs, 0 hits, 0 errors, 0 left on base; Cincinnati 4 - Boston 2
TOP OF THE 9TH
Cincinnati Reds batting - Pitching for Boston Red Sox : RHP Connor Sadzeck
Batting: LHB Joey Gallo 0-0: Ball
1-0: Ball
2-0: Ground out U3 (Groundball, 3, EV 104.4 MPH)
Batting: RHB Nelson Cruz 0-0: Called Strike
0-1: Ground out 4-3 (Groundball, 4, EV 82.5 MPH)
Batting: LHB Gregory Polanco 0-0: Ball
1-0: Foul Ball, location: 2F
1-1: Called Strike
1-2: Foul Ball, location: 2F
1-2: Ball
2-2: Foul Ball, location: 2F
2-2: Ball
3-2: Fly out, F8 (Flyball, 89M, EV 79.4 MPH)
Top of the 9th over - 0 runs, 0 hits, 0 errors, 0 left on base; Cincinnati 4 - Boston 2
BOTTOM OF THE 9TH
Boston Red Sox batting - Pitching for Cincinnati Reds : LHP Patrick Dayton
Pitching: LHP Rex Brothers
Batting: RHB Juan Lagares 0-0: Ball
1-0: Called Strike
1-1: Called Strike
1-2: Ball
2-2: Strikes out swinging
Batting: RHB Jedd Gyorko 0-0: Ball
1-0: Ball
2-0: Called Strike
2-1: Foul Ball, location: 2F
2-2: Foul Ball, location: 2F
2-2: Ball
3-2: Ground out 5-3 (Groundball, 56, EV 83.8 MPH)
Batting: SHB Kaleb Cowart 0-0: Fly out, F9 (Flyball, 9LM, EV 92.5 MPH)
Bottom of the 9th over - 0 runs, 0 hits, 0 errors, 0 left on base; Cincinnati 4 - Boston 2
Wednesday, October 21st, 2020 - OOTP Baseball 21.6 Build 83